 Dungeon Crawl Stone Soup version 0.19.5 (webtiles) character file.

123 Gargoyl the Skirmisher (level 5, -7/46 HPs)
             Began as a Ghoul Abyssal Knight on Apr 19, 2017.
             Was a Believer of Lugonu.
             Mangled by a gnoll
             ... wielding a +0 halberd
              (10 damage)
             ... on level 3 of the Dungeon.
             The game lasted 00:04:12 (1710 turns).

Gargoyl the Skirmisher (Ghoul Abyssal Knight)       Turns: 1710, Time: 00:04:12

Health: -7/46      AC:  8    Str: 16    XL:     5   Next: 7%
Magic:  6/6        EV:  7    Int:  7    God:    Lugonu [**....]
Gold:   176        SH:  0    Dex:  9    Spells: 0 memorised, 4 levels left

rFire  . . .     SeeInvis .     e - +4 hand axe
rCold  + . .     Gourm    .     f - +0 chain mail
rNeg   + + +     Faith    .     (no shield)
rPois  ∞         Spirit   .     (no helmet)
rElec  .         Reflect  .     (no cloak)
rCorr  .         Harm     .     (no gloves)
MR     .....                    (no boots)
Stlth  ..........               (no amulet)
                                (no ring)
                                (no ring)

@: rotting
A: rotting body, claws 1, carnivore 3, cold resistance 1, negative energy
resistance 3, slow regeneration 1, torment resistance, unbreathing
a: Depart the Abyss, Bend Space, Renounce Religion


You were on level 3 of the Dungeon.
You worshipped Lugonu.
Lugonu was pleased with you.
You were not hungry.

You visited 1 branch of the dungeon, and saw 3 of its levels.
You visited the Abyss 1 time.

You collected 176 gold pieces.

Inventory:

Hand Weapons
 a - a +1 hand axe
 e - a +4 hand axe (weapon)
Armour
 f - a +0 chain mail (worn)
Scrolls
 d - 2 scrolls of amnesia
 i - a scroll of identify
Potions
 g - a potion of curing {unknown}
 j - a potion of heal wounds {unknown}
 m - a potion of cancellation {unknown}
 n - a potion of degeneration {unknown}
Comestibles
 c - 2 meat rations
 h - a slice of pizza


   Skills:
 + Level 4.2 Fighting
 + Level 2.9 Axes
 * Level 2.5 Armour
 + Level 1.1 Dodging
 * Level 2.8 Invocations


You had 4 spell levels left.
You didn't know any spells.

Dungeon Overview and Level Annotations

Branches:
Dungeon (3/15)

Altars:
Fedhas
Nemelex Xobeh
Sif Muna


Innate Abilities, Weirdness & Mutations

Your body is rotting away.
You thrive on raw meat.
You are immune to poison.
You have sharp fingernails.
You are carnivorous and can eat meat at any time.
Your flesh is cold resistant. (rC+)
You are immune to negative energy. (rN+++)
You regenerate slowly when monsters are visible.
You are immune to unholy pain and torment.
You can survive without breathing.


Message History

Things that are here:
a spear; a gnoll corpse You hit the gnoll.
The gnoll is lightly wounded.
The gnoll hits you with a halberd!
* * * LOW HITPOINT WARNING * * *
The gnoll hits you but does no damage.
You slash the gnoll!
The gnoll is severely wounded.
The gnoll hits you with a halberd!
* * * LOW HITPOINT WARNING * * *
The gnoll hits you from afar with a spear.
* * * LOW HITPOINT WARNING * * *
You closely miss the gnoll.
The gnoll is severely wounded.
The gnoll closely misses you. x2
You barely miss the gnoll.
The gnoll is severely wounded.
The gnoll closely misses you. The gnoll hits you with a halberd!
You die...

########
##########.......
#.......(.....#
#######†########.##.#
#..sgg@)......##.##.#
...#####.#####.##.##.#
#.# #.##.##.### ###.#
#.......... ...#
#.........# #.#
#.........#
##.####........## ..
#.............# #.#
##.............#


You could see 2 gnolls and a giant cockroach.

Vanquished Creatures
  2 gnolls (D:3)
  5 adders
  An ooze (D:1)
  A worm (D:2)
  A leopard gecko (D:1)
  2 ball pythons (D:2)
  3 giant cockroaches (D:1)
  6 goblins
  5 hobgoblins
  5 jackals (D:2)
  A quokka (D:2)
  4 bats
  3 frilled lizards
  7 kobolds
  4 rats
50 creatures vanquished.

Notes
Turn   | Place    | Note
-------+----------+-------------------------------------------
     0 | Abyss:1  | Gargoyl the Ghoul Abyssal Knight began the quest for the Orb.
     0 | Abyss:1  | Reached XP level 1. HP: 19/19 MP: 1/1
    20 | Abyss:1  | Noticed a raiju
    75 | Abyss:3  | Found a corrupted altar of Lugonu.
   119 | Abyss:3  | Noticed a lich
   120 | D:1      | Escaped the Abyss
   196 | D:1      | Reached * piety under Lugonu
   196 | D:1      | Reached XP level 2. HP: 27/27 MP: 2/2
   728 | D:2      | Reached skill level 1 in Dodging
   728 | D:2      | Reached XP level 3. HP: 29/33 MP: 3/3
   837 | D:2      | Reached skill level 4 in Fighting
   858 | D:2      | Found a sparkling altar of Nemelex Xobeh.
   991 | D:2      | Reached XP level 4. HP: 27/40 MP: 4/4
  1453 | D:2      | Reached ** piety under Lugonu
  1468 | D:2      | Found a deep blue altar of Sif Muna.
  1509 | D:2      | Found a blossoming altar of Fedhas.
  1703 | D:3      | Reached XP level 5. HP: 21/46 MP: 6/6
  1710 | D:3      | Mangled by a gnoll

Skill      XL: |  1  2  3 |
---------------+----------+-----
Axes           | 2 |  2.9
Armour         | 2 |  2.5
Dodging        | 1 |  1.1
Fighting       | 4 |  4.2
Invocations    | |  2.8

Action                   |  1- 3 |  4- 6 || total
-------------------------+-------+-------++-------
Melee: Hand axe          |    81 |    59 ||   140
Invok: Depart the Abyss  |     1 |       ||     1
  Use: Scroll            |     4 |     3 ||     7
  Eat: Chunk             |     8 |    10 ||    18
Armor: Chain mail        |    85 |    49 ||   134
Dodge: Dodged            |    34 |    29 ||    63
